 Dungeon Crawl Stone Soup version 0.29-a0-330-g52719c12eb (webtiles) character file.

Game seed: 4197232468918067773

2490 Crownlay the Archer (level 9, -15/41 HPs)
             Began as a Spriggan Hunter on May 13, 2022.
             Was a Follower of Dithmenos.
             Demolished by Joseph
             ... wielding a +0 quarterstaff of distortion
              (19 damage)
             ... on level 8 of the Dungeon.
             The game lasted 00:09:41 (6853 turns).

Crownlay the Archer (Spriggan Hunter)               Turns: 6853, Time: 00:09:42

Health: -15/41     AC:  5    Str:  7    XL:     9   Next: 27%
Magic:  0/10       EV: 18    Int: 11    God:    Dithmenos [*.....]
Gold:   434        SH:  0    Dex: 25    Spells: 8/8 levels left

rFire   + . .      SeeInvis +   a - +3 shortbow
rCold   . . .      Faith    .   (shield currently unavailable)
rNeg    . . .      Spirit   +   d - +2 robe {Will+}
rPois   .          Reflect  .   (helmet restricted)
rElec   .          Harm     .   q - +0 cloak
rCorr   .          Rampage  .   (gloves unavailable)
Will    +++..                   (boots unavailable)
Stlth   ++++++....              u - amulet of guardian spirit
HPRegen 0.13/turn               y - ring "Epsuatig" {Contam rF+ Will+ Dex+3}
MPRegen 0.12/turn               (no ring)

@: wreathed by umbra, very quick
A: very small, no large weapons, unfitting armour, see invisible, speed 3
a: Renounce Religion


You were on level 8 of the Dungeon.
You worshipped Dithmenos.
Dithmenos was aware of your devotion.
You visited 2 branches of the dungeon, and saw 9 of its levels.

You collected 504 gold pieces.
You spent 70 gold pieces at shops.

Inventory:

Hand Weapons
 a - a +3 shortbow (weapon)
Armour
 d - a +2 robe of willpower (worn)
 q - a +0 cloak (worn)
Jewellery
 u - an amulet of guardian spirit (around neck)
 y - the ring "Epsuatig" (left hand) {Contam rF+ Will+ Dex+3}
   (You found it on level 6 of the Dungeon)

   [ring of protection from fire]

   Dex:       It affects your dexterity (+3).
   rF:        It protects you from fire.
   Contam:    It causes magical contamination when unequipped.
   Will:      It increases your willpower.
Wands
 t - a wand of iceblast (7)
 x - a wand of acid (3)
Scrolls
 c - 2 scrolls of immolation
 e - 3 scrolls of noise
 h - 4 scrolls of teleportation
 o - 3 scrolls of silence {unknown}
 r - 2 scrolls of fog
 s - a scroll of holy word {unknown}
 v - a scroll of acquirement {unknown}
 w - 2 scrolls of fear {unknown}
 A - a scroll of amnesia {unknown}
Potions
 f - 2 potions of degeneration
 g - 2 potions of resistance {unknown}
 i - a potion of berserk rage
 j - 3 potions of attraction {unknown}
 k - 4 potions of curing {unknown}
 l - 3 potions of heal wounds {unknown}
 m - 2 potions of flight {unknown}
 n - 3 potions of haste
 p - a potion of lignification
 z - a potion of might {unknown}


   Skills:
 - Level 1.5 Fighting
 * Level 13.1 Bows
 - Level 2.6 Dodging
 + Level 11.1 Stealth


You had 8 spell levels left.
You didn't know any spells.
Your spell library contained the following spells:

 Spells                   Type           Power      Damage    Failure   Level
 Animate Skeleton         Necr           0%         N/A       34%         1
 Apportation              Tloc           0%         N/A       34%         1
 Freeze                   Ice            0%         1d3       34%         1
 Summon Small Mammal      Summ           0%         N/A       34%         1
 Frozen Ramparts          Ice            0%         1d2       71%         3
 Ozocubu's Armour         Ice            0%         N/A       71%         3
 Hailstorm                Conj/Ice       0%         3d3       98%         4
 Ozocubu's Refrigeration  Ice            0%         4d5       100%        7


Dungeon Overview and Level Annotations

Branches:
Dungeon (8/15)             Temple (1/1) D:7
   Lair: D:8-11

Altars:
Ashenzari
Dithmenos
Elyvilon
Gozag
Hepliaklqana
Kikubaaqudgha
Makhleb
Sif Muna
Xom
Yredelemnul
Zin

Shops:
D:4 *   D:5 (

Annotations:
D:6 3 runed translucent doors, dohliylev's ghost, novice TrWr
D:7 1 runed translucent door, anonymous's ghost, novice MiGl
D:8 Joseph


Innate Abilities, Weirdness & Mutations

You are very small and have problems with some larger weapons.
You are too small for most types of armour.
You have supernaturally acute eyesight. (SInv)
You cover ground extremely quickly. (Speed+++)


Message History

You shoot an arrow. The arrow barely misses Joseph.
The arrow hits the killer bee.
The killer bee is almost dead.
Joseph says, "I've waited for this moment for such a long time."
Joseph hits you with a +0 quarterstaff of distortion.
Space warps around you.
You shoot an arrow. The arrow hits Joseph.
Joseph is lightly wounded.
Joseph hits you with a +0 quarterstaff of distortion!
Space warps around you.
You are too injured to fight recklessly!
You are too injured to fight recklessly!
You are too injured to fight recklessly!
You are too injured to fight recklessly!
You are too injured to fight recklessly!
Aiming: Corrosive Bolt
Press: ? - help, Shift-Dir - straight line, f/p - Joseph
Aim: Joseph, wielding a +0 quarterstaff of distortion and wearing a +0 leather armour (lightly wounded, umbra, 71% to hit)
The bolt of acid hits Joseph.
The acid corrodes Joseph!
Joseph is lightly wounded.
The bolt of acid hits the killer bee!
You kill the killer bee!
Dithmenos accepts your kill.
The bolt of acid hits the killer bee!
The acid corrodes the killer bee!
You kill the killer bee!
Dithmenos accepts your kill.
The bolt of acid hits the wight.
The acid corrodes the wight!
The wight is moderately damaged.
You hear the slow hiss of a distant avalanche of sand.
Joseph misses you.
Aiming: Corrosive Bolt
Press: ? - help, Shift-Dir - straight line, f/p - Joseph
Aim: Joseph, wielding a +0 quarterstaff of distortion and wearing a +0 leather armour (lightly wounded, covered in acid, umbra, 71% to hit)
The bolt of acid hits Joseph!
Joseph is moderately wounded.
The bolt of acid misses the wight.
Joseph hits you with a +0 quarterstaff of distortion!!
* * * LOW HITPOINT WARNING * * *
Space warps horribly around you!!
You die...

... ./. ... #.#
#z# #†#
############@#
#..........#@#
#............####
#.........[.....#
##.#######......#
#.# #......# #.#
#[.....# #<#
#......# ###
#...$..# #......#


You could see Joseph (corroded) and a wight (corroded).

Vanquished Creatures
  Sigmund (D:6)
  A shadow (D:7)
  Menkaure (D:4)
  A black bear (D:7)
  An orc warrior (D:6)
  3 ice beasts
  An ogre (D:5)
  A centaur (D:5)
  A kobold brigand (D:7)
  A necrophage (D:7)
  2 scorpions
  3 wights (D:8)
  6 killer bees (D:8)
  2 electric eels (D:6)
  4 howler monkeys
  An orc priest (D:6)
  3 hounds (D:5)
  2 jellies
  Crazy Yiuf (D:3)
  An iguana (D:5)
  5 orc wizards
  6 adders
  2 shadow imps
  2 white imps (D:6)
  2 ufetubi
  A worm (D:5)
  2 dart slugs
  15 orcs
  3 bats
  4 endoplasms
  4 giant cockroaches
  5 goblins
  6 hobgoblins
  12 jackals
  3 quokkas
  7 ball pythons
  3 frilled lizards
  8 kobolds
  4 rats
131 creatures vanquished.

Vanquished Creatures (others)
  40 plants (D:6)
40 creatures vanquished.

Grand Total: 171 creatures vanquished

Notes
Turn   | Place    | Note
-------+----------+-------------------------------------------
     0 | D:1      | Crownlay the Spriggan Hunter began the quest for the Orb.
     0 | D:1      | Reached XP level 1. HP: 10/10 MP: 2/2
    47 | D:1      | Reached skill level 5 in Bows
   148 | D:1      | Reached XP level 2. HP: 14/14 MP: 3/3
   241 | D:1      | Found a faded altar of an unknown god.
   537 | D:2      | Reached XP level 3. HP: 16/18 MP: 4/4
   685 | D:2      | Reached skill level 6 in Bows
  1448 | D:3      | Reached XP level 4. HP: 22/22 MP: 5/5
  1501 | D:3      | Found a runed translucent door.
  1502 | D:3      | Noticed Crazy Yiuf
  2439 | D:3      | Killed Crazy Yiuf
  2577 | D:4      | Found Gezoecubod's General Store.
  2582 | D:4      | Bought a potion of degeneration for 14 gold pieces
  2582 | D:4      | Bought a scroll of identify for 28 gold pieces
  2582 | D:4      | Bought a scroll of fog for 28 gold pieces
  2653 | D:4      | Reached skill level 7 in Bows
  2796 | D:4      | Found an ancient bone altar of Kikubaaqudgha.
  2796 | D:4      | Found a faded altar of an unknown god.
  2804 | D:4      | Found a shadowy altar of Dithmenos.
  2806 | D:4      | Found a faded altar of an unknown god.
  2808 | D:4      | Found a basalt altar of Yredelemnul.
  2813 | D:4      | Became a worshipper of Dithmenos the Shadowed
  2862 | D:4      | Reached XP level 5. HP: 22/25 MP: 6/6
  2922 | D:4      | Noticed Menkaure
  2930 | D:4      | Killed Menkaure
  2931 | D:4      | Reached skill level 5 in Stealth
  2933 | D:3      | Found a glowing silver altar of Zin.
  2933 | D:3      | Found a hazy altar of Hepliaklqana.
  2933 | D:3      | Found a shimmering blue altar of Sif Muna.
  2933 | D:3      | Found a white marble altar of Elyvilon.
  3124 | D:4      | Reached skill level 8 in Bows
  3124 | D:4      | Reached XP level 6. HP: 30/30 MP: 7/7
  3313 | D:5      | Entered Level 5 of the Dungeon
  3346 | D:5      | Found Tyushrip's Weapon Emporium.
  3571 | D:5      | Reached XP level 7. HP: 18/33 MP: 3/8
  3695 | D:5      | Reached skill level 9 in Bows
  4317 | D:6      | Reached * piety under Dithmenos
  4451 | D:6      | Identified the ring "Epsuatig" {Contam rF+ Will+ Dex+3}
  4635 | D:6      | Reached skill level 10 in Bows
  4638 | D:6      | Noticed Sigmund
  4800 | D:7      | Reached XP level 8. HP: 15/37 MP: 6/9
  5020 | D:6      | Killed Sigmund
  5021 | D:6      | Reached skill level 11 in Bows
  5088 | D:6      | You fall into a shaft and drop 1 floor!
  5567 | D:6      | Found a runed translucent gate.
  5568 | D:6      | Found a runed translucent gate.
  5568 | D:6      | Found a runed translucent gate.
  5570 | D:6      | Found an opulent altar of Gozag.
  5572 | D:6      | Noticed dohliylev's ghost (novice TrWr)
  5854 | D:7      | Reached skill level 12 in Bows
  5854 | D:7      | Reached skill level 10 in Stealth
  5924 | D:7      | Found a runed translucent door.
  5925 | D:7      | Found a shimmering altar of Xom.
  5925 | D:7      | Noticed anonymous's ghost (novice MiGl)
  5925 | D:7      | Noticed a +1 dagger of chaos
  6203 | D:7      | Found a staircase to the Ecumenical Temple.
  6212 | Temple   | Entered the Ecumenical Temple
  6254 | D:7      | Reached XP level 9. HP: 22/41 MP: 7/10
  6833 | D:8      | Noticed Joseph
  6847 | D:8      | Reached skill level 13 in Bows
  6853 | D:8      | Demolished by Joseph

Illustrated notes

Levels and vault maps discovered:
D:1:      zelgadis_glass_arrival_large, layout_rooms,
          shapermc_ecumenical_altar_mp_urbaneastern
D:2:      layout_loops_corners, chequers_serial_rivers_micro_d
D:3:      layout_loops_corners, nicolae_overflow_hidden_temple, serial_glass,
          glass_columns_a, glass_columns_a, minmay_strange_pillars,
          minmay_strange_pillars, feat_on_display, feat_on_display,
          uniq_crazy_yiuf_cottage
D:4:      layout_basic, chequers_temple_overflow_minitemple, serial_shops,
          kennysheep_little_box, minmay_misc_feat_square, uniq_menkaure
D:5:      layout_rooms, serial_shops, shop_statue
D:6:      layout_loops_ring, serial_bayou, serial_bayou_lagoon_a,
          serial_bayou_pond_e, serial_bayou_pond_b, serial_bayou_crossing,
          ebering_ghost_gozag, dk_rats_in_the_wall, uniq_sigmund
D:7:      layout_basic, minmay_temple_entry_poolview, ebering_ghost_xom,
          kennysheep_small_square
D:8:      layout_basic, nicolae_ossuary_entry_false_entrances, uniq_joseph
Temple:   nicolae_temple_god_jail

Skill      XL: |  1  2  3  4  5  6  7  8  9 |
---------------+----------------------------+-----
Bows           | 5 6 7 8 10 12 13 | 13.1
Stealth        | 2 3 4 5 6 8 10 11 | 11.1
Fighting       | |  1.5
Dodging        | |  2.6

Action                   |  1- 3 |  4- 6 |  7- 9 || total
-------------------------+-------+-------+-------++-------
 Fire: Shortbow          |    93 |   120 |   217 ||   430
Evoke: Wand              |       |       |     2 ||     2
  Use: Scroll            |       |     8 |     1 ||     9
Armor: Robe              |     1 |     1 |     5 ||     7
Dodge: Dodged            |    27 |    30 |    58 ||   115

Table legend: (Time is in decaauts)
 A = Elapsed time spent in this place.
 B = Non-inter-level travel time spent in this place.
 C = Inter-level travel time spent in this place.
 D = Time resting spent in this place.
 E = Time spent auto-exploring this place.
 F = Levels seen in this place.
 G = Mean time per level.
                   A        B        C        D        E       F      G
               +--------+--------+--------+--------+--------+-----+--------+
         Total |   5013 |   4887 |    126 |    310 |   3825 |   9 |  557.0 |
       Dungeon |   5010 |   4884 |    126 |    310 |   3825 |   8 |  626.2 |
        Temple |      3 |      3 |      0 |      0 |      0 |   1 |    3.0 |
               +--------+--------+--------+--------+--------+-----+--------+

Top non-repeatable levels by time:
     D:7: 1092 daAuts
     D:6: 887 daAuts
     D:3: 750 daAuts
     D:5: 749 daAuts
     D:2: 658 daAuts
     D:4: 527 daAuts
     D:1: 294 daAuts
     D:8: 50 daAuts
  Temple: 3 daAuts
